 Dungeon Sprint DCSS version 0.18-a0-1805-g8ab820f (webtiles) character file.

10 Kidiri the Sneak (level 2, -3/14 HPs)
             Began as a Spriggan Enchanter on Apr 25, 2016.
             Slain by a siren
             ... wielding a cursed -3 spear
              (17 damage)
             ... in the Dungeon (Sprint II: "The Violet Keep of Menkaure").
             The game lasted 00:00:52 (75 turns).

Kidiri the Sneak (Spriggan Enchanter)                 Turns: 75, Time: 00:00:53

Health: -3/14      AC:  3    Str:  4    XL:     2   Next: 10%
Magic:  3/7        EV: 19    Int: 16    God:
Gold:   243        SH:  0    Dex: 16    Spells: 2 memorised, 4 levels left

rFire  . . .     SeeInvis +     a - +1 dagger
rCold  . . .     Gourm    .     b - +1 robe
rNeg   . . .     Faith    .     (shield restricted)
rPois  .         Spirit   .     (helmet restricted)
rElec  .         Dismiss  .     (no cloak)
rCorr  .         Reflect  .     (gloves unavailable)
SustAt .         Harm     .     (boots unavailable)
MR     .....     NoTele   +     (no amulet)
Stlth  +++.......               (no ring)
                                (no ring)

@: very slightly contaminated, very quick, not resistant to hostile
enchantments, fairly stealthy
A: unfitting armour, see invisible, herbivore 3, speed 3, slow metabolism 2
a: no special abilities


You were in the Dungeon.
You were not hungry.

You visited 1 branch You collected 243 gold pieces.

Inventory:

Hand Weapons
 a - a +1 dagger (weapon)
Armour
 b - a +1 robe (worn)
Scrolls
 j - a scroll of blinking
Potions
 f - a potion of heal wounds
 g - a potion of haste
 h - 2 potions of magic
Books
 c - a book of Maledictions

   Spells                             Type                      Level
   a - Corona                         Hexes                        1
   b - Ensorcelled Hibernation        Hexes/Ice                    2
   c - Confuse                        Hexes                        3
   d - Tukima's Dance                 Hexes                        3
   e - Dazzling Spray                 Conjuration/Hexes            3
Comestibles
 d - a bread ration


   Skills:
 + Level 0.7 Fighting
 * Level 2.1 Short Blades
 + Level 0.3 Armour
 * Level 4.0 Dodging
 * Level 5.2 Stealth
 * Level 3.4 Spellcasting
 + Level 4.1 Hexes
 + Level 0.0 Ice Magic


You had 4 spell levels left.
You knew the following spells:

 Your Spells              Type           Power        Failure   Level  Hunger
a - Corona                Hex            ###....      4%          1    None
b - Ensorcelled Hibernat  Hex/Ice        #.....       14%         2    ##.....


Dungeon Overview and Level Annotations

Branches:
Dungeon (1/1)

Altars:


Innate Abilities, Weirdness & Mutations

You are tiny and cannot use many weapons and most armour.
You have supernaturally acute eyesight.
You are a herbivore.
You cover ground extremely quickly.
You need consume almost no food.


Message History

Confirm with . or Enter, or press ? or * to list all spells.
You don't know that spell.
Unknown command.
Unknown command.
Casting: Ensorcelled Hibernation
Confirm with . or Enter, or press ? or * to list all spells.
Aiming: Corona
Press: ? - help, Shift-Dir - straight line, f/p - siren
Aim: a siren, wielding a spear (heavily wounded, chance to defeat MR: 19%)
The siren easily resists.
The siren misses you.
Casting: Corona
Confirm with . or Enter, or press ? or * to list all spells.
Aiming: Corona
Press: ? - help, Shift-Dir - straight line, f/p - siren
Aim: a siren, wielding a spear (heavily wounded, chance to defeat MR: 19%)
You miscast Corona.
You are very lightly contaminated with residual magic.
Your skin glows momentarily.
The siren hits you with a spear!
Ouch! That really hurt!
You die... ## ## . . a#a

### #$#
##%###+#
#...##.##
+.##%.<.+
###.##.##
#.###@#
####.m.#
#..#..#
##. .##
## ##


You could see a siren.

Vanquished Creatures
  3 worms (D)
3 creatures vanquished.

Vanquished Creatures (others)
  Menkaure (D)
1 creature vanquished.

Grand Total: 4 creatures vanquished

Notes
Turn   | Place    | Note
--------------------------------------------------------------
     0 | D        | Kidiri the Spriggan Enchanter began the quest for the Orb.
     0 | D        | Reached XP level 1. HP: 9/9 MP: 5/5
     1 | D        | Noticed a worker ant
     1 | D        | Noticed a worker ant
    25 | D        | Reached skill level 5 in Stealth
    31 | D        | Reached XP level 2. HP: 14/14 MP: 5/7
    45 | D        | Killed Menkaure
    48 | D        | Learned a level 2 spell: Ensorcelled Hibernation
    68 | D        | Noticed a siren
    75 | D        | Slain by a siren

Vault maps used:
D:        the_violet_keep_of_menkaure

Skill      XL: |  1 |
---------------+----+-----
Spellcasting   | 3 |  3.4
Stealth        | 5 |  5.2
Short Blades   | 2 |  2.1
Dodging        | 4 |  4.0
Hexes          | 4 |  4.1
Fighting       | |  0.7
Armour         | |  0.3

Action                   || total
-------------------------++-------
Melee: Dagger            ||    18
 Cast: Corona            ||     3
       Ensorcelled Hiber ||     1
  Use: Potion            ||     2
 Stab: Sleeping          ||     3
Armor: Robe              ||     3
Dodge: Dodged            ||    21
